 Dungeon Crawl Stone Soup version 0.29-a0-344-ge2f44be95a (webtiles) character file.

Game seed: 17119271736740918009

39 thiscave3701365 the Ruffian (level 3, -2/36 HPs)
             Began as a Troll Berserker on Apr 21, 2022.
             Was a Believer of Trog.
             Engulfed by a cloud of flame (17 damage)
             ... on level 2 of the Dungeon.
             The game lasted 00:01:07 (944 turns).

thiscave3701365 the Ruffian (Troll Berserker)        Turns: 944, Time: 00:01:08

Health: -2/36      AC:  4    Str: 27    XL:     3   Next: 26%
Magic:  2/2        EV: 10    Int:  3    God:    Trog [**....]
Gold:   93         SH:  0    Dex:  9    Spells: 2/2 levels left

rFire   . . .      SeeInvis .     - Unarmed
rCold   . . .      Faith    .   (no shield)
rNeg    . . .      Spirit   .   a - +0 animal skin
rPois   .          Reflect  .   (helmet restricted)
rElec   .          Harm     .   (no cloak)
rCorr   .          Rampage  .   (gloves unavailable)
Will    .....                   (boots unavailable)
Stlth   +.........              (no amulet)
HPRegen 0.92/turn               (no ring)
MPRegen 0.08/turn               (no ring)

@: no status effects
A: large, unfitting armour, claws 3, regeneration 1, shaggy fur 1, tough skin 1
a: Renounce Religion, Berserk, Trog's Hand


You were on level 2 of the Dungeon.
You worshipped Trog.
Trog was pleased with you.
You visited 1 branch of the dungeon, and saw 2 of its levels.

You collected 93 gold pieces.

Inventory:

Armour
 a - a +0 animal skin (worn)
Jewellery
 g - a +6 ring of strength
 i - a ring of fire
Scrolls
 b - a scroll of identify {unknown}
 f - 3 scrolls of amnesia {unknown}
Potions
 c - 2 potions of degeneration {unknown}
 d - a potion of berserk rage {unknown}
 e - 2 potions of curing {unknown}
 h - a potion of flight {unknown}


   Skills:
 - Level 2.4 Fighting
 - Level 2.4 Dodging
 + Level 4.4 Unarmed Combat


You had 2 spell levels left.
You didn't know any spells.
Your spell library was empty.

Dungeon Overview and Level Annotations

Branches:
Dungeon (2/15)

Altars:


Innate Abilities, Weirdness & Mutations

You are too large for most types of armour.
You have claws for hands.
Your natural rate of healing is unusually fast.
You are covered in fur. (AC +1)
You have tough skin. (AC +1)


Message History

You closely miss the goblin. The goblin hits you but does no damage.
A goblin is nearby!
Unknown command.
A goblin is nearby!
You claw the goblin!
You kill the goblin!
Trog accepts your kill.
Unknown command.
Things that are here:
a +0 dagger; a rat corpse No target in view!
Unknown command.
Things that are here:
a +0 club; a goblin corpse No target in view!
Unknown command.
A quokka comes into view.
No reachable target in view!
Unknown command.
A quokka is nearby!
No reachable target in view!
Unknown command.
A quokka is nearby!
No reachable target in view!
A quokka is nearby!
Unknown command.
A quokka is nearby!
No reachable target in view!
Unknown command.
A quokka is nearby!
No reachable target in view!
Unknown command.
Really walk into a travel-excluded area?
Really walk into that cloud of flame? [Y]es or [N]o only, please.
Really walk into that cloud of flame?
You are engulfed in blazing flames.
Ouch! That really hurt!
You are engulfed in blazing flames.
You die...

....##.>..# ....##....#
#.○.# .##.#.....# #.§§#
.##.#..########...######
......## #..§☼..$$!§§..#
###..#### .○§?$r..§○§
##.....# §..$...
##..###.# #...# ......#
.# #§@○# #..##.# .#
#☼○○# #.###.##### #☼§§#
..# #.##.. ###...# .##
#.##.####.##.#######
.####.##.......#........
................#.......
######..................
.....#..................


You could see a quokka.

Vanquished Creatures
  An adder (D:2)
  2 dart slugs
  5 endoplasms
  3 hobgoblins
  3 ball pythons
  A bat (D:1)
  A frilled lizard (D:2)
  6 goblins
  A rat (D:2)
23 creatures vanquished.

Notes
Turn   | Place    | Note
-------+----------+-------------------------------------------
     0 | D:1      | thiscave3701365 the Troll Berserker began the quest for the
                  | Orb.
     0 | D:1      | Reached XP level 1. HP: 22/22 MP: 0/0
   329 | D:1      | Reached XP level 2. HP: 29/29 MP: 1/1
   669 | D:2      | Reached skill level 4 in Unarmed Combat
   767 | D:2      | Reached XP level 3. HP: 36/36 MP: 2/2
   925 | D:2      | Reached ** piety under Trog
   944 | D:2      | Engulfed by a cloud of flame

Illustrated notes

Levels and vault maps discovered:
D:1:      minmay_arrival_stone_box, layout_basic, minmay_misc_feat_x
D:2:      layout_rooms, dreamdust_ecumenical_altar_drowned_temple,
          kennysheep_path_1, lemuel_flame_loot_1

Skill      XL: |  1  2 |
---------------+-------+-----
Unarmed Combat | 4 |  4.4
Fighting       | |  2.4
Dodging        | |  2.4

Action                   || total
-------------------------++-------
Melee: Unarmed           ||    56
       Punch             ||     3
 Stab: Sleeping          ||     1
Armor: Animal skin       ||    15
Dodge: Dodged            ||    28

Table legend: (Time is in decaauts)
 A = Elapsed time spent in this place.
 B = Non-inter-level travel time spent in this place.
 C = Inter-level travel time spent in this place.
 D = Time resting spent in this place.
 E = Time spent auto-exploring this place.
 F = Levels seen in this place.
 G = Mean time per level.
                   A        B        C        D        E       F      G
               +--------+--------+--------+--------+--------+-----+--------+
         Total |    939 |    909 |     30 |      0 |    756 |   2 |  469.5 |
       Dungeon |    939 |    909 |     30 |      0 |    756 |   2 |  469.5 |
               +--------+--------+--------+--------+--------+-----+--------+

Top non-repeatable levels by time:
     D:1: 643 daAuts
     D:2: 296 daAuts
